 Dungeon Crawl Stone Soup version 0.25.1-9-gc5326a611f (webtiles) character file.

Game seed: 9975985771809397442

18 Revguard the Digger (level 2, -2/19 HPs)
             Began as a Formicid Earth Elementalist on Jan 28, 2021.
             Slain by a jackal (3 damage)
             ... on level 1 of the Dungeon.
             The game lasted 00:01:54 (543 turns).

Revguard the Digger (Formicid Earth Elementalist)    Turns: 543, Time: 00:01:54

Health: -2/19      AC:  2    Str: 12    XL:     2   Next: 85%
Magic:  1/5        EV: 12    Int: 14    God:
Gold:   11         SH:  0    Dex: 11    Spells: 2/5 levels left

rFire    + . .     SeeInvis +   e - +0 club
rCold    . . .     Gourm    .   (no shield)
rNeg     . . .     Faith    .   c - +0 robe
rPois    .         Spirit   .   (helmet unavailable)
rElec    .         Reflect  .   (no cloak)
rCorr    .         Harm     .   (no gloves)
MR       .....                  (no boots)
Stlth    ++........             (no amulet)
HPRegen  0.06/turn              h - ring of protection from fire
MPRegen  0.09/turn              (no ring)

@: no status effects
A: permanent stasis, dig shafts and tunnels, four strong arms, antennae 3
a: Dig, Shaft Self


You were on level 1 of the Dungeon.
You were not hungry.

You visited 1 branch of the dungeon, and saw 1 of its levels.

You collected 11 gold pieces.

Inventory:

Hand Weapons
 e - a +0 club (weapon)
Missiles
 b - 10 stones (quivered)
Armour
 c - a +0 robe (worn)
Jewellery
 h - a ring of protection from fire (left hand)
Scrolls
 g - a scroll of identify {unknown}
Potions
 f - a potion of flight {unknown}
Comestibles
 d - 3 rations


   Skills:
 * Level 0.7 Armour
 + Level 2.1 Dodging
 + Level 2.4 Stealth
 + Level 2.3 Spellcasting
 + Level 1.1 Transmutations
 + Level 4.1 Earth Magic


You had 2 spell levels left.
You knew the following spells:

 Your Spells              Type           Power        Failure   Level  Hunger
a - Sandblast             Erth           ##....       4%          1    #......
b - Passwall              Tmut/Erth      #.......     12%         2    ###....

Your spell library contained the following spells:

 Spells                   Type           Power        Failure   Level  Hunger
 Stone Arrow              Conj/Erth      #.....       30%         3    ###....
 Petrify                  Tmut/Erth      #.......     61%         4    #####..
 Lee's Rapid Deconstruct  Erth           ##........   75%         5    ######.


Dungeon Overview and Level Annotations

Branches:
Dungeon (1/15)

Altars:


Innate Abilities, Weirdness & Mutations

You cannot be hasted, slowed, berserked, paralysed or teleported.
You can dig through walls and to a lower floor.
Your four strong arms can wield two-handed weapons with a shield.
You have a pair of large antennae on your head. (SInv)


Message History

The jackal is almost dead.
The jackal bites you. The jackal misses you.
The dart slug launches a dart at you. The slug dart misses you.
You hit the jackal but do no damage.
The jackal is almost dead.
The jackal bites you. The jackal barely misses you. The dart slug misses you.
You miss the jackal.
The jackal is almost dead.
The jackal bites you. The dart slug barely misses you.
The jackal barely misses you.
You hit the jackal but do no damage.
The jackal is almost dead.
The jackal bites you.
* * * LOW HITPOINT WARNING * * *
The dart slug launches a dart at you. The slug dart hits you.
* * * LOW HITPOINT WARNING * * *
The jackal bites you.
You die...

#...#.............
#####...##.÷.....##..#
...........)....#.#
...............## ..
..............## ..#
#####...####.## .#
#..># ##.# . #...# #.#
#.@.# [.# #wh.# #.#
#...# .# #...#
...###†### #...†...#
#..###†...# ....
#...## ..# #..##


You could see a dart slug and a jackal.

Vanquished Creatures
  A bat (D:1)
  A giant cockroach (D:1)
  2 goblins (D:1)
  2 hobgoblins (D:1)
  3 jackals (D:1)
  3 kobolds (D:1)
  A ball python (D:1)
  2 rats (D:1)
15 creatures vanquished.

Notes
Turn   | Place    | Note
-------+----------+-------------------------------------------
     0 | D:1      | Revguard the Formicid Earth Elementalist began the quest
                  | for the Orb.
     0 | D:1      | Reached XP level 1. HP: 13/13 MP: 3/3
   190 | D:1      | Reached skill level 4 in Earth Magic
   190 | D:1      | Reached XP level 2. HP: 19/19 MP: 1/5
   196 | D:1      | Learned a level 2 spell: Passwall
   543 | D:1      | Slain by a jackal

Illustrated notes

Levels and vault maps discovered:
D:1:      wander_arrival_lonely_grave, layout_loops_cross

Skill      XL: |  1 |
---------------+----+-----
Dodging        | 2 |  2.1
Earth Magic    | 4 |  4.1
Armour         | |  0.7
Stealth        | |  2.4
Spellcasting   | |  2.3
Transmutations | |  1.1

Action                   || total
-------------------------++-------
Melee: Unarmed           ||     6
       Club              ||    17
 Cast: Sandblast         ||    23
Armor: Robe              ||     8
Dodge: Dodged            ||    34
